 Dungeon Crawl Stone Soup version 0.15.2 (webtiles) character file.

176 kae the Sneak (level 5, -7/24 HPs)
             Began as a Spriggan Enchanter on Dec 21, 2014.
             Mangled by striepan's ghost (12 damage)
             ... on Level 4 of the Dungeon.
             The game lasted 00:04:11 (3183 turns).

kae the Sneak (Spriggan Enchanter)                  Turns: 3183, Time: 00:04:11

HP  -7/24        AC  4     Str  5      XL: 5   Next: 30%
MP  13/16        EV 18     Int 17      God:
Gold 115         SH  0     Dex 16      Spells:  3 memorised,  5 levels left

rFire  . . .     SeeInvis +     a - +1 dagger
rCold  . . .     Clarity  .     b - +1 robe
rNeg   . . .     rCorr    .     (shield restricted)
rPois  .         rRot     .     (helmet restricted)
rElec  .         Spirit   .     o - +0 cloak
SustAb .         Warding  .     (gloves unavailable)
rMut   .         Stasis   .     (boots unavailable)
Gourm  .                        (no amulet)
MR     .....                    (no ring)
                                (no ring)

@: very quick, not resistant to hostile enchantments, stealthy
A: unfitting armour, see invisible, herbivore 3, speed 3, slow metabolism 2
a: no special abilities


You were on level 4 of the Dungeon.
You were not hungry.

You visited 1 branch of the dungeon, and saw 4 of its levels.

You collected 115 gold pieces.

Inventory:

Hand weapons
 a - a +1 dagger (weapon)
Armour
 b - a +1 robe (worn)
 o - a +0 cloak (worn)
Comestibles
 d - 3 fruits
 j - a royal jelly
Jewellery
 s - a +1 ring of intelligence
Potions
 f - a potion of curing
 h - 2 potions of flight
 i - a potion of brilliance
Books
 c - a book of Maledictions

   Spells                             Type                      Level
   *Corona                            Hexes                        1
   Sure Blade                         Hexes/Charms                 2
   *Ensorcelled Hibernation           Hexes/Ice                    2
   *Confuse                           Hexes                        3
   Dazzling Spray                     Conjuration/Hexes            3
   Enslavement                        Hexes                        4


   Skills:
 * Level 3.1 Short Blades
 - Level 3.0 Dodging
 * Level 6.9 Stealth
 + Level 3.5 Spellcasting
 + Level 4.3 Hexes


You had 5 spell levels left.
You knew the following spells:

 Your Spells              Type           Power        Failure   Level  Hunger
a - Corona                Hex            ###....      2%          1    None
b - Ensorcelled Hibernat  Hex/Ice        ##....       12%         2    ##.....
c - Confuse               Hex            ###.....     10%         3    ###....


Dungeon Overview and Level Annotations

Branches:
Dungeon (4/15)
 Temple: D:4-7

Altars:
Elyvilon

Annotations:
D:4 striepan's ghost, average MiFi


Innate Abilities, Weirdness & Mutations

You are tiny and cannot use many weapons and most armour.
You have supernaturally acute eyesight.
You are a herbivore.
You cover ground extremely quickly.
You need consume almost no food.


Message History

Magic restored.
You start resting.
You start resting.
You climb downwards.
Level annotation: striepan's ghost, average MiFi
There is a stone staircase leading up here.
Casting: Confuse
Confirm with . or Enter, or press ? or * to list all spells.
Aiming: Confuse
Press: ? - help, Shift-Dir - straight line, f - striepan's ghost
Aim: striepan's ghost Striepan's ghost easily resists.
Striepan's ghost keens inconsolably.
Striepan's ghost hits you!
Ouch! That really hurt!
* * * LOW HITPOINT WARNING * * *
There is a stone staircase leading up here.
Striepan's ghost hits you!
Ouch! That really hurt!
You die...

#########
#.......#
#.......#.#
#####.##...[..#
#......@.##.###
#.###.W.....#
#.#####.#
###.###.......#
#.........#######
#.#.###%........#
#.#.#$....#
#.#.......#
#.###.....#


You could see striepan's ghost.

Vanquished Creatures
  Crazy Yiuf (D:2)
  3 green rats (D:2)
  4 adders
  A giant mite (D:3)
  A worm (D:2)
  3 oozes
  An orc (D:3)
  5 giant cockroaches
  7 goblins
  9 hobgoblins
  3 jackals (D:1)
  3 quokkas
  5 bats
  5 giant geckos
  9 giant newts
  8 kobolds
  5 rats (D:1)
73 creatures vanquished.

Notes
Turn   | Place    | Note
--------------------------------------------------------------
     0 | D:1      | kae, the Spriggan Enchanter, began the quest for the Orb.
     0 | D:1      | Reached XP level 1. HP: 9/9 MP: 4/4
   291 | D:1      | Reached XP level 2. HP: 10/13 MP: 7/7
   295 | D:1      | Learned a level 2 spell: Ensorcelled Hibernation
   339 | D:1      | Reached skill level 5 in Stealth
  1057 | D:1      | Reached XP level 3. HP: 16/16 MP: 9/9
  1131 | D:2      | Learned a level 3 spell: Confuse
  1479 | D:2      | Found a white marble altar of Elyvilon.
  1522 | D:2      | Reached XP level 4. HP: 19/21 MP: 9/13
  1713 | D:2      | Reached skill level 6 in Stealth
  1806 | D:2      | Found a white marble altar of Elyvilon.
  2149 | D:2      | Noticed Crazy Yiuf
  2156 | D:2      | Killed Crazy Yiuf
  2402 | D:3      | Reached XP level 5. HP: 18/24 MP: 13/16
  2874 | D:3      | Gained mutation: Armour fits poorly on your strangely shaped body. [potion of mutation]
  2874 | D:3      | Gained mutation: Your body is slowly deteriorating. [potion of mutation]
  2874 | D:3      | Gained mutation: You are frail (-10% HP). [potion of mutation]
  2875 | D:3      | Lost mutation: Your body is slowly deteriorating. [potion of cure mutation]
  2875 | D:3      | Lost mutation: Armour fits poorly on your strangely shaped body. [potion of cure mutation]
  2875 | D:3      | Lost mutation: You are frail (-10% HP). [potion of cure mutation]
  2915 | D:4      | Noticed striepan's ghost (average MiFi)
  3183 | D:4      | Mangled by striepan's ghost

Action                   |  1- 3 |  4- 6 || total
-------------------------+-------+-------++-------
Melee: Dagger            |   125 |   116 ||   241
 Cast: Ensorcelled Hiber |    22 |    21 ||    43
       Confuse           |       |     2 ||     2
  Use: Scroll            |       |    11 ||    11
       Potion            |       |     3 ||     3
 Stab: Sleeping          |    19 |    22 ||    41
       Confused          |       |     1 ||     1
